 Dungeon Crawl Stone Soup version 0.28-a0-773-g130ae17fe5 (webtiles) character file.

Game seed: 1841203992474618140

595 AlleluiaPinecone the Sneak (level 7, -2/26 (35) HPs)
             Began as a Vine Stalker Brigand on Nov 1, 2021.
             Was a Believer of Dithmenos.
             Slain by a wight (7 damage)
             ... on level 4 of the Dungeon.
             The game lasted 00:13:53 (3988 turns).

AlleluiaPinecone the Sneak (Vine Stalker Brigand)   Turns: 3988, Time: 00:13:54

HP:   -2/26 (35)    AC: 11    Str: 15    XL:     7   Next: 40%
MP:   0/8           EV:  9    Int: 11    God:    Dithmenos [**....]
Gold: 180           SH:  5    Dex: 16    Spells: 6/6 levels left

rFire   . . .      SeeInvis +   a - +5 morningstar
rCold   . . .      Faith    .   (no shield)
rNeg    . . .      Spirit   +   o - +0 scale mail
rPois   .          Reflect  +   j - +0 helmet
rElec   .          Harm     .   i - +2 cloak
rCorr   .          Rampage  .   (no gloves)
Will    .....                   p - +0 pair of boots
Stlth   ++........              l - amulet of reflection
HPRegen 1.08/turn               h - ring of see invisible
MPRegen 0.11/turn               b - ring of wizardry

@: wreathed by umbra, very heavily drained
A: fangs 2, regeneration 1, magic shield, antimagic bite, no potion heal 2
a: Renounce Religion, Shadow Step


You were on level 4 of the Dungeon.
You worshipped Dithmenos.
Dithmenos was pleased with you.
You visited 1 branch of the dungeon, and saw 5 of its levels.

You collected 180 gold pieces.

Inventory:

Hand Weapons
 a - a +5 morningstar (weapon)
Missiles
 d - 2 poisoned darts (quivered)
 e - 4 curare-tipped darts
 f - 142 stones
 q - 6 sling bullets
 w - 18 arrows
Armour
 i - a +2 cloak (worn)
 j - a +0 helmet (worn)
 o - a +0 scale mail (worn)
 p - a +0 pair of boots (worn)
Jewellery
 b - a ring of wizardry (right hand)
 h - a ring of see invisible (left hand)
 l - an amulet of reflection (around neck)
 x - an amulet of faith
Scrolls
 r - a scroll of fog
Potions
 g - 4 potions of curing
 k - a potion of heal wounds
 s - a potion of resistance {unknown}
 u - 2 potions of haste
 z - a potion of mutation {unknown}


   Skills:
 + Level 2.9 Fighting
 - Level 3.6 Short Blades
 * Level 2.1 Maces & Flails
 + Level 2.4 Throwing
 + Level 2.1 Armour
 + Level 1.6 Dodging
 + Level 6.4 Stealth
 + Level 1.7 Shields


You had 6 spell levels left.
You didn't know any spells.
Your spell library contained the following spells:

 Spells                   Type           Power      Damage    Failure   Level
 Beastly Appendage        Tmut           0%         N/A       45%         1
 Wereblood                Tmut           0%         N/A       61%         2
 Ozocubu's Armour         Ice            0%         N/A       82%         3
 Spider Form              Tmut/Pois      0%         N/A       82%         3
 Metabolic Englaciation   Hex/Ice        0%         N/A       100%        5
 Simulacrum               Ice/Necr       0%         N/A       100%        6


Dungeon Overview and Level Annotations

Branches:
Dungeon (5/15)
 Temple: D:4-7

Altars:
Cheibriados
Dithmenos
Hepliaklqana
Uskayaw
Zin

Shops:
D:4 :

Annotations:
D:4 3 runed translucent doors, SirDiesAlot's ghost, novice MiDe


Innate Abilities, Weirdness & Mutations

You have extremely sharp teeth.
Your natural rate of healing is unusually fast.
When hurt, damage is shared between your health and your magic reserves.
Your bite disrupts and absorbs the magic of your enemies.
Potions cannot restore your health.


Message History

You hit the wight.
You destroy the wight!
Dithmenos accepts your kill.
Your Maces & Flails skill increases to level 2!
No target in view!
Things that are here:
a +0 hand axe; a +0 robe
There is a stone staircase leading down here.
You start resting.
HP restored.
You start resting.
Your extra speed is starting to run out.
You start resting.
You feel yourself slow down.
You start resting.
Magic restored.
You climb downwards.
The wight hits you with a +4 war axe!
You feel drained. The wight barely misses you.
There is a stone staircase leading up here.
The wight hits you with a +4 war axe!
You feel drained.
You climb upwards.
Level annotation: 3 runed translucent doors, SirDiesAlot's ghost, novice MiDe
There is a stone staircase leading down here.
You puncture the wight!
The wight is severely damaged.
The wight hits you with a +2 hand axe. The wight hits you with a +4 war axe!
You block the wight's attack.
You are too injured to fight recklessly!
You are too injured to fight recklessly!
You are too injured to fight recklessly!
You closely miss the wight. Your bite misses the wight.
The wight is severely damaged.
The wight hits you but does no damage. The wight barely misses you.
The wight hits you with a +4 war axe!
* * * LOW HITPOINT WARNING * * *
You hit the wight but do no damage. Your bite misses the wight.
The wight is severely damaged.
You block the wight's attack. The wight barely misses you.
The wight hits you with a +2 hand axe!
You die...

#.#####.###.## #.# #.#
##.#.## #.# #.#######.##
#.# ##..##..### #.#
##........#########.#
####.................#.#
#......................#
#.###...zz...##.##.#..##
#.###....@...##...#...#
#.#...............##..####
#.#..............####.....
#.###........###)###..###.
#.# ##..##..####..#...# #.
#.#####....##.##.#.#..###.
#..........##........#....
#######<#...........###.#.
#.##.#####)#...#....


You could see 2 wights.

Vanquished Creatures
  A black bear (D:4)
  An ogre (D:4)
  2 wights
  Crazy Yiuf (D:3)
  A bullfrog skeleton (D:4)
  An orc priest (D:4)
  An iguana (D:5)
  A killer bee zombie (D:5)
  2 hound skeletons (D:4)
  3 gnolls (D:2)
  5 adders
  A howler monkey skeleton (D:4)
  A white imp (D:3)
  2 ufetubi
  2 adder skeletons (D:4)
  2 worms (D:2)
  4 orcs
  6 ball pythons
  2 bats
  5 endoplasms
  5 giant cockroaches
  3 goblins (D:1)
  6 hobgoblins
  5 kobolds
  4 quokkas
  A frilled lizard (D:1)
  5 rats
73 creatures vanquished.

Notes
Turn   | Place    | Note
-------+----------+-------------------------------------------
     0 | D:1      | AlleluiaPinecone the Vine Stalker Brigand began the quest
                  | for the Orb.
     0 | D:1      | Reached XP level 1. HP: 11/11 MP: 2/2
   134 | D:1      | Reached skill level 5 in Stealth
   192 | D:1      | Reached XP level 2. HP: 15/15 MP: 3/3
   757 | D:2      | Reached XP level 3. HP: 18/18 MP: 4/4
   890 | D:2      | Found a faded altar of an unknown god.
   941 | D:2      | Prayed at the altar of an unknown god.
   941 | D:2      | Became a worshipper of Dithmenos the Shadowed
   941 | D:2      | Reached * piety under Dithmenos
  1366 | D:2      | Gained mutation: Your natural rate of healing is unusually
                  | fast. [Vine Stalker growth]
  1366 | D:2      | Reached XP level 4. HP: 20/23 MP: 3/5
  1509 | D:2      | Reached skill level 6 in Stealth
  1551 | D:2      | Found a hide-covered altar of Uskayaw.
  2056 | D:3      | Found a runed translucent door.
  2057 | D:3      | Noticed Crazy Yiuf
  2143 | D:3      | Reached skill level 1 in Armour
  2301 | D:4      | Noticed a black bear
  2331 | D:4      | Killed a black bear
  2332 | D:4      | Reached skill level 1 in Dodging
  2332 | D:4      | Reached skill level 1 in Shields
  2332 | D:4      | Reached XP level 5. HP: 6/27 MP: 2/6
  2551 | D:4      | Noticed an ogre
  2579 | D:4      | Killed an ogre
  2580 | D:4      | Reached XP level 6. HP: 32/32 MP: 7/7
  2625 | D:4      | Found Zerchar's Self-Improvement Boutique.
  2682 | D:4      | Found a runed translucent gate.
  2682 | D:4      | Found a runed translucent gate.
  2682 | D:4      | Found a runed translucent gate.
  2683 | D:4      | Noticed SirDiesAlot's ghost (novice MiDe)
  2765 | D:5      | Entered Level 5 of the Dungeon
  2811 | D:5      | HP: 1/29 [killer bee zombie (2)]
  2998 | D:4      | Reached XP level 7. HP: 32/35 MP: 6/8
  3044 | D:4      | Found a glowing silver altar of Zin.
  3044 | D:4      | Found a hazy altar of Hepliaklqana.
  3045 | D:4      | Found a snail-covered altar of Cheibriados.
  3192 | D:4      | Reached ** piety under Dithmenos
  3231 | D:4      | Reached skill level 1 in Maces & Flails
  3764 | D:3      | Killed Crazy Yiuf
  3988 | D:4      | Slain by a wight

Illustrated notes

Levels and vault maps discovered:
D:1:      dpeg_arrival_solitude, layout_loops_ring
D:2:      layout_basic, ebering_ecumenical_altar_webs, basic_altar
D:3:      wander_river, layout_basic, uniq_crazy_yiuf_cottage
D:4:      layout_loops_ring, gammafunk_temple_overflow_claw,
          ebering_ghost_rock_garden, st_stairs_5, kennysheep_nub,
          minmay_misc_feat_x, nicolae_shop_self_help
D:5:      layout_cave_pools, lemuel_coloured_pillars_altar, st_stairs_4,
          kennysheep_decorative_pillar, uniq_eustachio

Skill      XL: |  1  2  3  4  5  6  7 |
---------------+----------------------+-----
Stealth        | 5 6 |  6.4
Throwing       | 2 |  2.4
Fighting       | 2 |  2.9
Short Blades   | 2 3 |  3.6
Armour         | 1 2 |  2.1
Dodging        | 1 |  1.6
Shields        | 1 |  1.7
Maces & Flails | 2 |  2.1

Action                   |  1- 3 |  4- 6 |  7- 9 || total
-------------------------+-------+-------+-------++-------
Melee: Dagger            |    72 |   131 |       ||   203
       Bite              |    13 |    44 |     9 ||    66
       Morningstar       |       |     3 |    36 ||    39
Throw: Dart              |     6 |    10 |     5 ||    21
  Use: Scroll            |       |     1 |     8 ||     9
       Potion            |       |       |     2 ||     2
 Stab: Sleeping          |     9 |     3 |     1 ||    13
Armor: Leather armour    |     4 |       |       ||     4
       Ring mail         |     5 |       |       ||     5
       Scale mail        |     6 |    45 |    15 ||    66
Dodge: Dodged            |    23 |    53 |    28 ||   104
Block: Other             |     8 |    37 |    16 ||    61

Table legend: (Time is in decaauts)
 A = Elapsed time spent in this place.
 B = Non-inter-level travel time spent in this place.
 C = Inter-level travel time spent in this place.
 D = Time resting spent in this place.
 E = Time spent auto-exploring this place.
 F = Levels seen in this place.
 G = Mean time per level.
                   A        B        C        D        E       F      G
               +--------+--------+--------+--------+--------+-----+--------+
         Total |   4000 |   3759 |    241 |    745 |   2026 |   5 |  800.0 |
       Dungeon |   4000 |   3759 |    241 |    745 |   2026 |   5 |  800.0 |
               +--------+--------+--------+--------+--------+-----+--------+

Top non-repeatable levels by time:
     D:4: 1162 daAuts
     D:2: 1146 daAuts
     D:3: 775 daAuts
     D:1: 627 daAuts
     D:5: 288 daAuts
